AoeStats
← faeL

Glade

510845900Analyzed
1v1 RM · 1d ago on Oct 2, 2026· 59m 23s· 2 players
Game mode
Random Map
Map size
Tiny (2 player)
Population
200
Speed
Normal
Resources
Standard
Victory
Conquest
Starting age
Dark Age
Ending age
Imperial Age
RankedLock teamsTeams togetherTeam positionsShared explorationLock speedFull tech treeHidden civsTurbo modeCheats
Victory
Defeat
🇺🇸 Bohemians · United States
578
+12
🇧🇷 Persians · Brazil
490
-12
Bredward
11:17 Feudal Age
16:00 Castle Age
18:14 Double-Bit Axe
18:12 Horse Collar
18:46 Pikeman
23:23 Chemistry
38:04 Imperial Age
36:12 Wheelbarrow
38:16 Halberdier
41:03 Ballistics
46:32 Houfnice
48:33 Elite Hussite Wagon
49:22 Wagenburg Tactics
54:51 Forging
54:42 Scale Mail Armor
56:24 Siege Engineers
56:36 Masonry
56:53 Conscription
56:58 Bow Saw
56:51 Heavy Plow
faeL
7:39 Loom
9:50 Feudal Age
10:20 Double-Bit Axe
10:36 Horse Collar
15:50 Bloodlines
16:09 Scale Barding Armor
17:23 Wheelbarrow
18:37 Forging
22:31 Castle Age
24:39 Husbandry
24:55 Heavy Plow
25:07 Bow Saw
25:23 Chain Barding Armor
28:20 Iron Casting
34:31 Crossbowman
35:17 Thumb Ring
35:16 Kamandaran
35:26 Gold Mining
39:54 Imperial Age
40:03 Gold Shaft Mining
40:21 Heated Shot
41:36 Chemistry
41:24 Cavalier
42:49 Plate Barding Armor
43:15 Blast Furnace
42:07 Fletching
42:18 Padded Archer Armor
42:34 Heated Shot
43:33 Savar
45:39 Two-Man Saw
53:45 Light Cavalry
Connection lost

Rejoining the realm…

Still unreachable

The connection could not be restored.

Session expired

The server has moved on; the page needs a fresh start.